 Dungeon Crawl Stone Soup version 0.32-a0-656-g3542139ebd (webtiles) character file.

Game seed: 18084624872383268593

4271 BubbleThief the Cleaver (level 10, -5/86 HPs)
             Began as a Formicid Fighter on Mar 8, 2024.
             Was a Follower of the Shining One.
             Killed from afar by Erica (6 damage)
             ... with a bolt of poison
             ... on level 8 of the Dungeon.
             The game lasted 00:12:29 (7642 turns).

BubbleThief the Cleaver (Formicid Fighter)          Turns: 7642, Time: 00:12:30

Health: -5/86      AC: 13    Str: 29    XL:     10   Next: 56%
Magic:  10/10      EV: -1    Int:  7    God:    the Shining One [*.....]
Gold:   470        SH: 10    Dex: 13    Spells: 9/9 levels left

rFire   . . .        a - +1 war axe
rCold   . . .        c - +0 buckler
rNeg    + . .        u - +1 chain mail of the Evening {rN+ Str+3 SInv}
rPois   .            (helmet unavailable)
rElec   .            w - +1 cloak
rCorr   +            (no gloves)
SInv    +            (no boots)
Will    +....        e - amulet of reflection Stlth
                     s - ring of resist corrosion
HPRegen 0.34/turn    (no ring)
MPRegen 0.12/turn

%: reflection
@: lethally poisoned (-5 -> -30), glowing, constricted
A: permanent stasis, dig shafts and tunnels, antennae 3, four strong arms
a: Dig, Shaft Self, Renounce Religion, Divine Shield


You were on level 8 of the Dungeon.
You worshipped the Shining One.
The Shining One was aware of your devotion.
You visited 2 branches of the dungeon, and saw 9 of its levels.

You collected 470 gold pieces.

Inventory:

Hand Weapons
 a - a +1 war axe (weapon)
Missiles
 x - a throwing net
Armour
 c - a +0 buckler (worn)
 u - the +1 chain mail of the Evening (worn) {rN+ Str+3 SInv}
   (You found it on level 7 of the Dungeon)

   Str+3:     It affects your strength (+3).
   rN+:       It protects you from negative energy.
   SInv:      It lets you see invisible.
 w - a +1 cloak (worn)
Jewellery
 e - an amulet of reflection (around neck)
 s - a ring of resist corrosion (left hand)
Wands
 f - a wand of quicksilver (8)
 n - a wand of mindburst (13)
 t - a wand of digging (6)
Scrolls
 g - a scroll of torment {unknown}
 j - 2 scrolls of identify
 k - a scroll of revelation {unknown}
 l - a scroll of poison
 m - 2 scrolls of teleportation
 q - a scroll of immolation
 y - a scroll of acquirement {unknown}
Potions
 d - 2 potions of might
 h - 2 potions of enlightenment
 i - a potion of mutation
 o - 4 potions of lignification
 p - 3 potions of attraction
 r - 2 potions of resistance
 v - a potion of brilliance
 A - 2 potions of heal wounds


   Skills:
 + Level 10.5 Fighting
 * Level 10.6 Axes
 + Level 6.4 Armour
 - Level 4.0 Shields


You had 9 spell levels left.
You didn't know any spells.
Your spell library contained the following spells:

 Spells                   Type           Power      Damage    Failure   Level
 Scorch                   Fire           0%         2d5       97%         2
 Dazzling Flash           Conj/Hex       0%         N/A       99%         3
 Mephitic Cloud           Conj/Alch/Air  0%         N/A       99%         3
 Flame Wave               Conj/Fire      0%         2d4       100%        4
 Curse of Agony           Necr           0%         N/A       100%        5
 Silence                  Hex/Air        0%         N/A       100%        5
 Summon Cactus Giant      Summ           0%         N/A       100%        6


Dungeon Overview and Level Annotations

Branches:
Dungeon (8/15)             Temple (1/1) D:4
   Lair: D:8-11

Altars:
Ashenzari
Cheibriados
Dithmenos
Elyvilon
Fedhas
Gozag
Hepliaklqana
Kikubaaqudgha
Makhleb
Nemelex Xobeh
Okawaru
Qazlal
Ru
Sif Muna
Trog
Uskayaw
Vehumet
Wu Jian
Xom
Yredelemnul
Zin
The Shining One

Shops:
D:7 [

Annotations:
D:8 Erica


Innate Abilities, Weirdness & Mutations

You cannot be hasted, slowed, berserked, paralysed or teleported.
You can dig through walls and to a lower floor.
You have a pair of large antennae on your head. (SInv)
Your four strong arms can wield two-handed weapons with a shield.


Message History

* * * LOW HITPOINT WARNING * * *
You hit Erica.
Erica is almost dead.
You feel very sick.
Erica zaps a wand.
The bolt of dispelling energy hits you!
* * * LOW HITPOINT WARNING * * *
Erica constricts you.
Unknown command.
It was a potion of heal wounds.
You feel much better.
You feel very sick.
Erica hits you with a +0 scimitar of flaming!
* * * LOW HITPOINT WARNING * * *
Erica burns you.
* * * LOW HITPOINT WARNING * * *
Erica constricts you.
* * * LOW HITPOINT WARNING * * *
You completely miss Erica.
Erica is almost dead.
* * * LOW HITPOINT WARNING * * *
You feel sick.
Erica casts a spell.
Erica flickers and vanishes for a moment.
Erica constricts you.
You slash Erica!
Erica is almost dead.
* * * LOW HITPOINT WARNING * * *
You feel sick. Erica casts a spell at you.
Your stasis prevents you from being slowed.
Erica constricts you.
* * * LOW HITPOINT WARNING * * *
It was a potion of berserk rage.
Your stasis prevents you from going berserk.
* * * LOW HITPOINT WARNING * * *
You feel sick. Erica casts a spell at you. The bolt of poison hits you.
You are more poisoned.
You die...
Erica begins burbling mirthfully and uncontrollably.

# .. #... #... ..#
#.#### ###+####
...... #......#
.....> #......#
......
#......######.#
......
#......@x......
.....
#.......#####.#
.#+#######.......#
...##..^..##+###'##
..........##......#
#..#......#####...#
..........# #...#
#####.....# #...#
+.....# #...#


You could see Erica (invisible).

Vanquished Creatures
  Maurice (D:8)
  Jeremiah (D:6)
  Sigmund (D:3)
  4 yaks (D:8)
  A vampire (D:7)
  Menkaure (D:6)
  A water moccasin (D:7)
  An orc warrior (D:6)
  2 ice beasts (D:7)
  A sky beast (D:8)
  3 ogres
  2 phantoms
  5 bullfrogs
  A gnoll sergeant (D:6)
  3 scorpions
  3 killer bees (D:8)
  2 howler monkeys
  3 gnoll boudas
  An orc priest (D:6)
  Crazy Yiuf (D:3)
  A bombardier beetle (D:5)
  5 hounds
  2 sleepcaps
  Terence (D:3)
  2 iguanas (D:5)
  7 orc wizards
  19 gnolls
  6 adders
  A shadow imp (D:6)
  2 ufetubi (D:6)
  A ribbon worm (D:3)
  42 orcs
  5 ball pythons
  6 endoplasms
  5 giant cockroaches
  8 hobgoblins
  4 quokkas
  8 bats
  2 frilled lizards
  6 goblins
  3 kobolds
  2 rats
176 creatures vanquished.

Notes
Turn   | Place    | Note
-------+----------+-------------------------------------------
     0 | D:1      | BubbleThief the Formicid Fighter began the quest for the
                  | Orb.
     0 | D:1      | Reached XP level 1. HP: 18/18 MP: 1/1
    80 | D:1      | Reached XP level 2. HP: 24/24 MP: 2/2
   118 | D:1      | Found a faded altar of an unknown god.
   539 | D:2      | Reached XP level 3. HP: 30/30 MP: 3/3
   569 | D:2      | Found a glowing silver altar of Zin.
  1075 | D:3      | Reached XP level 4. HP: 37/37 MP: 4/4
  1182 | D:3      | Noticed Terence
  1192 | D:3      | Killed Terence
  1304 | D:3      | Noticed Sigmund
  1387 | D:3      | Reached XP level 5. HP: 43/43 MP: 5/5
  1538 | D:4      | Reached skill level 5 in Fighting
  1657 | D:4      | Noticed a phantom
  1667 | D:4      | Killed a phantom
  1668 | D:4      | Reached XP level 6. HP: 41/51 MP: 6/6
  1969 | D:4      | Found a staircase to the Ecumenical Temple.
  1983 | Temple   | Entered the Ecumenical Temple
  1993 | Temple   | Became a worshipper of the Shining One
  2324 | D:3      | Killed Sigmund
  2325 | D:3      | Reached skill level 5 in Axes
  2325 | D:3      | Reached XP level 7. HP: 41/59 MP: 7/7
  2555 | D:3      | Found a runed translucent door.
  2556 | D:3      | Noticed Crazy Yiuf
  2573 | D:3      | Killed Crazy Yiuf
  2966 | D:5      | Entered Level 5 of the Dungeon
  3228 | D:5      | Reached XP level 8. HP: 67/67 MP: 8/8
  4143 | D:6      | Noticed Jeremiah
  4173 | D:6      | Reached * piety under the Shining One
  4215 | D:6      | Reached XP level 9. HP: 33/75 MP: 9/9
  4560 | D:7      | Found Decaunk Moma's Antique Armour Boutique.
  4696 | D:7      | HP: 3/76 [ogre/+0 giant club (20)]
  5902 | D:7      | Found a faded altar of an unknown god.
  5902 | D:7      | Found an ornate altar of the Wu Jian Council.
  5909 | D:7      | Found a faded altar of an unknown god.
  5911 | D:7      | Found a shimmering blue altar of Sif Muna.
  5913 | D:7      | Found a glowing silver altar of Zin.
  5977 | D:7      | Identified the +1 chain mail of the Evening {rN+ Str+3
                  | SInv}
  6693 | D:6      | Noticed Menkaure
  6698 | D:6      | Killed Menkaure
  6699 | D:6      | Reached skill level 5 in Armour
  6916 | D:6      | Reached XP level 10. HP: 85/85 MP: 10/10
  7078 | D:6      | Killed Jeremiah
  7079 | D:6      | Reached skill level 10 in Fighting
  7309 | D:8      | Noticed Maurice
  7328 | D:8      | Killed Maurice
  7329 | D:8      | Reached skill level 10 in Axes
  7629 | D:8      | Noticed Erica
  7638 | D:8      | HP: 2/86 [Erica/bolt of dispelling energy (15)]
  7642 | D:8      | Killed from afar by Erica

Illustrated notes

Levels and vault maps discovered:
D:1:      dpeg_arrival_radiant, layout_rooms, basic_ecumenical_altar
D:2:      layout_rooms, basic_altar
D:3:      layout_basic, uniq_crazy_yiuf_cottage, uniq_sigmund, uniq_terence
D:4:      layout_loops_cross, minmay_temple_entry_nine_rooms
D:5:      layout_loops_ring
D:6:      layout_basic, uniq_jeremiah, uniq_menkaure
D:7:      layout_layer_cave, chequers_temple_overflow_minitemple,
          enter_ossuary_2, serial_glass, glass_columns_c, glass_columns_a,
          grunt_ministairs_14, nicolae_stop_n_shop_2, kennysheep_generic_room_12
D:8:      layout_basic, uniq_erica, uniq_maurice, uniq_maggie
Temple:   hellmonk_temple_of_storms

Skill      XL: |  1  2  3  4  5  6  7  8  9 10 |
---------------+-------------------------------+-----
Fighting       | 4 5 6 7 8 9 10 | 10.5
Axes           | 3 4 5 6 7 9 10 | 10.6
Armour         | 5 6 |  6.4
Shields        | |  4.0

Action                     |  1- 3 |  4- 6 |  7- 9 | 10-12 || total
---------------------------+-------+-------+-------+-------++-------
  Melee: War axe           |   103 |   132 |   281 |    97 ||   613
    Use: Scroll            |       |       |    14 |       ||    14
         Potion            |       |       |     1 |     2 ||     3
 Armour: Scale mail        |    23 |       |       |       ||    23
         Chain mail        |    74 |    80 |   194 |    57 ||   405
  Dodge: Dodged            |    51 |    38 |   110 |    27 ||   226
  Block: Buckler           |    32 |    64 |   145 |    32 ||   273
         Reflection        |       |       |     1 |       ||     1

Table legend: (Time is in decaauts)
 A = Elapsed time spent in this place.
 B = Non-inter-level travel time spent in this place.
 C = Inter-level travel time spent in this place.
 D = Time resting spent in this place.
 E = Time spent auto-exploring this place.
 F = Levels seen in this place.
 G = Mean time per level.
                   A        B        C        D        E       F      G
               +--------+--------+--------+--------+--------+-----+--------+
         Total |   7773 |   7502 |    271 |    158 |   5754 |   9 |  863.7 |
       Dungeon |   7752 |   7490 |    262 |    158 |   5754 |   8 |  969.0 |
        Temple |     20 |     11 |      9 |      0 |      0 |   1 |   20.0 |
               +--------+--------+--------+--------+--------+-----+--------+

Top non-repeatable levels by time:
     D:7: 1931 daAuts
     D:5: 1304 daAuts
     D:3: 1182 daAuts
     D:6: 1103 daAuts
     D:4: 782 daAuts
     D:1: 539 daAuts
     D:2: 529 daAuts
     D:8: 380 daAuts
  Temple: 20 daAuts
